 Dungeon Crawl Stone Soup version 0.31-a0-1-g4198be8af4 (webtiles) character file.

Game seed: 18351058353984601228

79 booth the Chopper (level 4, 0/34 HPs)
             Began as a Demonspawn Gladiator on May 2, 2023.
             Was an Initiate of Gozag.
             Slain by an orc
             ... wielding a +0 trident
              (6 damage)
             ... on level 3 of the Dungeon.
             The game lasted 00:10:45 (1740 turns).

booth the Chopper (Demonspawn Gladiator)            Turns: 1740, Time: 00:10:46

Health: 0/34       AC:  4    Str: 16    XL:     4   Next: 16%
Magic:  0/4        EV: 12    Int:  9    God:    Gozag
Gold:   296        SH:  0    Dex: 15    Spells: 3/3 levels left

rFire   . . .        a - +1 war axe
rCold   . . .        (no shield)
rNeg    . . .        b - +0 leather armour
rPois   .            c - +0 helmet
rElec   .            (no cloak)
rCorr   .            (no gloves)
SInv    .            (no boots)
Will    .....        h - amulet of guardian spirit
Stlth   +            r - ring of flight
HPRegen 0.25/turn    (no ring)
MPRegen 0.09/turn

%: guardian spirit
@: gold aura, flying
A: powered by pain 2
a: Renounce Religion, Potion Petition, Call Merchant, Bribe Branch


You were on level 3 of the Dungeon.
You worshipped Gozag.
Gozag was aware of your devotion.
You visited 1 branch of the dungeon, and saw 3 of its levels.

You collected 296 gold pieces.

Inventory:

Hand Weapons
 a - a +1 war axe (weapon)
Missiles
 d - 3 throwing nets (quivered)
 e - a javelin
Armour
 b - a +0 leather armour (worn)
 c - a +0 helmet (worn)
Jewellery
 h - an amulet of guardian spirit (around neck)
 r - a ring of flight (left hand)
Scrolls
 k - a scroll of teleportation {unknown}
 m - a scroll of blinking {unknown}
 n - a scroll of silence {unknown}
 s - a scroll of poison {unknown}
 t - a scroll of acquirement {unknown}
Potions
 f - a potion of flight
 i - a potion of berserk rage
 j - a potion of resistance {unknown}
 l - a potion of degeneration {unknown}
 o - 3 potions of heal wounds {unknown}
 p - a potion of curing {unknown}
 q - a potion of attraction {unknown}


   Skills:
 + Level 2.7 Fighting
 * Level 3.4 Axes
 + Level 2.4 Throwing
 + Level 3.2 Dodging


You had 3 spell levels left.
You didn't know any spells.
Your spell library contained the following spells:

 Spells                   Type           Power      Damage    Failure   Level
 Magic Dart               Conj           0%         1d3       45%         1
 Call Imp                 Summ           0%         N/A       58%         2
 Mephitic Cloud           Conj/Pois/Air  0%         N/A       83%         3
 Ozocubu's Armour         Ice            0%         N/A       83%         3
 Ozocubu's Refrigeration  Ice            0%         4d7       100%        7


Dungeon Overview and Level Annotations

Branches:
Dungeon (3/15)

Altars:
Gozag


Innate Abilities, Weirdness & Mutations

You sometimes gain power by taking damage.


Message History

The giant cockroach is distracted by your dazzling golden aura.
The kobold is distracted by your dazzling golden aura.
The goblin unwields a +0 club.
The goblin wields a +0 sling.
The goblin shoots a sling bullet.
The sling bullet hits you.
The orc shouts!
The kobold shouts!
Things that are here:
6 gold pieces; a +0 club The goblin unwields a +0 sling.
The goblin wields a +0 club.
The goblin hits you but does no damage.
The goblin unwields a +0 club.
The goblin wields a +0 sling.
The goblin shoots a sling bullet.
The sling bullet hits you.
The orc is no longer distracted by gold.
The orc misses you.
You slash the giant cockroach!
You kill the giant cockroach!
You closely miss the goblin.
The kobold is no longer distracted by gold.
The orc throws a stone.
The stone hits you but does no damage. The orc closely misses you.
The orc barely misses you.
The goblin unwields a +0 sling.
The goblin wields a +0 club.
The goblin closely misses you.
You closely miss the goblin. x2; The goblin hits you with a +0 club.
The orc hits you from afar with a +0 trident.
The goblin barely misses you.
You hit the goblin.
You kill the goblin!
You closely miss the goblin. The goblin hits you but does no damage.
The orc hits you from afar with a +0 trident.
You barely miss the orc. You slash the goblin!
You kill the goblin!
The orc misses you.
The orc hits you from afar with a +0 trident!
* * * LOW HITPOINT WARNING * * *
The orc barely misses you. The kobold closely misses you.
The orc closely misses you.
You slash the orc!
You kill the orc!
The orc hits you from afar with a +0 trident!
You die...
Your body crumbles into a pile of gold.

.###......#######
#......#...# ....#
#...<..#.#.# .....#
#......#.#.# ......
#......#.#.# .#.#.#
#......#.#.# #......
######...#.####..#.#.#
###......#oo.....
######@K$.#.#.#
##$#...... #...#.#.#
###...... ######


You could see 2 orcs and a kobold.

Vanquished Creatures
  2 adders (D:2)
  A dart slug (D:1)
  5 orcs
  6 bats
  2 endoplasms
  5 giant cockroaches
  5 goblins
  3 hobgoblins (D:1)
  4 jackals (D:1)
  4 kobolds
  A quokka (D:1)
  6 ball pythons
  3 frilled lizards
  5 rats
52 creatures vanquished.

Vanquished Creatures (others)
  6 fungi (D:1)
  A plant (D:1)
7 creatures vanquished.

Grand Total: 59 creatures vanquished

Notes
Turn   | Place    | Note
-------+----------+-------------------------------------------
     0 | D:1      | booth the Demonspawn Gladiator began the quest for the Orb.
     0 | D:1      | Reached XP level 1. HP: 16/16 MP: 1/1
   298 | D:1      | Gained mutation: You sometimes gain a little power by
                  | taking damage. [demonic ancestry]
   298 | D:1      | Reached XP level 2. HP: 22/22 MP: 2/2
   634 | D:1      | Found a faded altar of an unknown god.
   660 | D:1      | Prayed at the altar of an unknown god.
   660 | D:1      | Became a worshipper of Gozag Ym Sagoz the Greedy
   674 | D:1      | Reached XP level 3. HP: 28/28 MP: 3/3
  1355 | D:2      | Gained mutation: You sometimes gain power by taking damage.
                  | [demonic ancestry]
  1355 | D:2      | Reached XP level 4. HP: 33/34 MP: 4/4
  1740 | D:3      | Slain by an orc

Illustrated notes

Levels and vault maps discovered:
D:1:      eino_arrival_cavern_a, layout_basic, shapermc_ecumenical_altar_gd,
          dreamdust_wishing_well, minmay_cupped
D:2:      layout_loops_ring, st_stairs_6
D:3:      layout_rooms, gammafunk_ghost_necromancy, serial_co_window_serial,
          co_window_of_opportunity_a, co_window_paths_b,
          co_window_of_opportunity_a, co_window_of_opportunity_a,
          co_window_paths_a, co_window_of_opportunity_a, co_window_paths_b,
          co_window_of_opportunity_a, co_window_of_opportunity_a,
          co_window_broadway_b, co_window_broadway_c, co_window_2corner,
          co_window_broadway_a, glass_columns_b, glass_columns_c,
          grunt_ministairs_8

Skill      XL: |  1  2 |
---------------+-------+-----
Throwing       | 2 |  2.4
Axes           | 3 |  3.4
Dodging        | 3 |  3.2
Fighting       | |  2.7

Action                     |  1- 3 |  4- 6 || total
---------------------------+-------+-------++-------
  Melee: War axe           |    94 |    17 ||   111
         Punch             |     2 |       ||     2
    Use: Scroll            |     3 |     2 ||     5
         Potion            |       |     1 ||     1
 Armour: Leather armour    |    36 |     5 ||    41
  Dodge: Dodged            |    78 |    17 ||    95

Table legend: (Time is in decaauts)
 A = Elapsed time spent in this place.
 B = Non-inter-level travel time spent in this place.
 C = Inter-level travel time spent in this place.
 D = Time resting spent in this place.
 E = Time spent auto-exploring this place.
 F = Levels seen in this place.
 G = Mean time per level.
                   A        B        C        D        E       F      G
               +--------+--------+--------+--------+--------+-----+--------+
         Total |   1776 |   1742 |     34 |     44 |    437 |   3 |  592.0 |
       Dungeon |   1776 |   1742 |     34 |     44 |    437 |   3 |  592.0 |
               +--------+--------+--------+--------+--------+-----+--------+

Top non-repeatable levels by time:
     D:1: 1009 daAuts
     D:2: 710 daAuts
     D:3: 56 daAuts
